 Dungeon Crawl Stone Soup version 0.29-a0-334-gb41bcbb86e (webtiles) character file.

Game seed: 15412089689094489167

26 croobank the Firebug (level 3, 0/21 HPs)
             Began as an Octopode Fire Elementalist on Apr 16, 2022.
             Slain by an adder (2 damage)
             ... on level 2 of the Dungeon.
             The game lasted 00:02:29 (1305 turns).

croobank the Firebug (Octopode Fire Elementalist)   Turns: 1305, Time: 00:02:30

Health: 0/21       AC:  1    Str:  7    XL:     3   Next: 8%
Magic:  3/6        EV: 13    Int: 19    God:
Gold:   59         SH:  0    Dex: 12    Spells: 3/6 levels left

rFire   . . .      SeeInvis .   (no weapon)
rCold   . . .      Faith    .   (no shield)
rNeg    . . .      Spirit   .   (helmet restricted)
rPois   .          Reflect  .   (no amulet)
rElec   .          Harm     .   (no ring)
rCorr   .          Rampage  .   (no ring)
Will    .....                   (no ring)
Stlth   +++.......              (no ring)
HPRegen 0.07/turn               (no ring)
MPRegen 0.10/turn               (no ring)
                                (no ring)
                                (no ring)

@: mighty, lethally poisoned (0 -> -9)
A: almost no armour, amphibious, 8 rings, camouflage 1, gelatinous body 1,
(nimble swimmer 1), tentacles
a: no special abilities


You were on level 2 of the Dungeon.
You visited 1 branch of the dungeon, and saw 2 of its levels.

You collected 59 gold pieces.

Inventory:

Missiles
 b - 52 stones
Scrolls
 f - a scroll of identify {unknown}
 h - a scroll of noise {unknown}
Potions
 a - a potion of magic
 d - 2 potions of heal wounds {unknown}
 e - 3 potions of curing {unknown}
 g - a potion of haste {unknown}


   Skills:
 + Level 2.3 Dodging
 + Level 3.2 Stealth
 + Level 2.2 Spellcasting
 + Level 1.4 Conjurations
 + Level 3.2 Fire Magic


You had 3 spell levels left.
You knew the following spells:

 Your Spells              Type           Power      Damage    Failure   Level
a - Foxfire               Conj/Fire      44%        2x1d6     6%          1
b - Scorch                Fire           28%        2d6       7%          2

Your spell library contained the following spells:

 Spells                   Type           Power      Damage    Failure   Level
 Conjure Flame            Conj/Fire      11%        6-21      19%         3
 Inner Flame              Hex/Fire       8%         N/A       26%         3
 Gell's Gravitas          Tloc           2%         N/A       45%         3
 Teleport Other           Tloc           2%         N/A       45%         3
 Flame Wave               Conj/Fire      11%        2d5       52%         4
 Dispersal                Tloc           1%         N/A       100%        6


Dungeon Overview and Level Annotations

Branches:
Dungeon (2/15)

Altars:


Innate Abilities, Weirdness & Mutations

You cannot wear most types of armour.
You are amphibious.
You can wear up to eight rings at the same time.
Your skin changes colour to match your surroundings (Stealth+).
Your rubbery body absorbs attacks. (AC +1, EV +1)
((You are camouflaged when in or above water. (Stealth+)))
You have tentacles for arms and can constrict up to eight enemies at once.


Message History

The adder hisses angrily.
Your foxfire dissipates!
Casting: Foxfire (safe; 6% risk of failure)
Confirm with . or Enter, or press ? or * to list all spells.
You conjure some foxfire!
The foxfire hits the adder.
The adder is heavily wounded.
The foxfire hits the rat but does no damage.
Casting: Foxfire (safe; 6% risk of failure)
Confirm with . or Enter, or press ? or * to list all spells.
You conjure some foxfire!
The foxfire hits the adder.
The adder is severely wounded.
The foxfire hits the adder.
The adder is almost dead.
The adder barely misses you.
An endoplasm comes into view.
You miss the adder.
The endoplasm quivers.
Your grab misses the adder. Your squeeze misses the adder.
The adder is almost dead.
The adder bites you. The rat misses you.
You barely miss the adder. Your grab misses the adder.
The adder is almost dead.
The adder bites you.
You are poisoned.
The adder poisons you! The rat bites you.
You closely miss the adder. Your grab misses the adder.
The adder is almost dead.
You feel sick. The adder bites you. x2
* * * LOW HITPOINT WARNING * * *
You are more poisoned.
The adder poisons you! The rat bites you.
* * * LOW HITPOINT WARNING * * *
It was a potion of might.
You feel very mighty all of a sudden.
* * * LOW HITPOINT WARNING * * *
You feel very sick. The adder bites you.
You die...

...................
......#.####.......
.###.##.## #.######
#.....# #.#
###....###.# .###
#.>.....##.#
.....###...........
.........#.#.......
......r@...#.......
.......S...........
?..)......##.......
..>.......# ......
.........J. ...
..#####...## . .
..#.. .###).


You could see an adder, an endoplasm and a rat.

Vanquished Creatures
  A worm (D:2)
  A dart slug (D:1)
  2 endoplasms
  3 goblins
  2 hobgoblins (D:1)
  A ball python (D:1)
  3 bats (D:1)
  2 frilled lizards (D:1)
  5 kobolds (D:1)
  A rat (D:1)
21 creatures vanquished.

Vanquished Creatures (others)
  37 foxfires
37 creatures vanquished.

Grand Total: 58 creatures vanquished

Notes
Turn   | Place    | Note
-------+----------+-------------------------------------------
     0 | D:1      | croobank the Octopode Fire Elementalist began the quest for
                  | the Orb.
     0 | D:1      | Reached XP level 1. HP: 11/11 MP: 3/3
   415 | D:1      | Reached XP level 2. HP: 17/17 MP: 5/5
   516 | D:1      | Learned a level 2 spell: Scorch
  1211 | D:2      | Reached XP level 3. HP: 21/21 MP: 1/6
  1305 | D:2      | Slain by an adder

Illustrated notes

Levels and vault maps discovered:
D:1:      tarquinn_simple_flora_water_a, layout_basic
D:2:      layout_rooms, minmay_pentomino_x4

Skill      XL: |  1  2 |
---------------+-------+-----
Stealth        | 3 |  3.2
Dodging        | |  2.3
Spellcasting   | |  2.2
Conjurations   | |  1.4
Fire Magic     | |  3.2

Action                   || total
-------------------------++-------
Melee: Unarmed           ||     9
       Constrict         ||     3
       Tentacles         ||     2
 Cast: Foxfire           ||    19
       Scorch            ||     5
  Use: Potion            ||     1
 Stab: Sleeping          ||     1
Armor: Skin              ||     1
Dodge: Dodged            ||    14

Table legend: (Time is in decaauts)
 A = Elapsed time spent in this place.
 B = Non-inter-level travel time spent in this place.
 C = Inter-level travel time spent in this place.
 D = Time resting spent in this place.
 E = Time spent auto-exploring this place.
 F = Levels seen in this place.
 G = Mean time per level.
                   A        B        C        D        E       F      G
               +--------+--------+--------+--------+--------+-----+--------+
         Total |   1304 |   1287 |     17 |      0 |   1098 |   2 |  652.0 |
       Dungeon |   1304 |   1287 |     17 |      0 |   1098 |   2 |  652.0 |
               +--------+--------+--------+--------+--------+-----+--------+

Top non-repeatable levels by time:
     D:1: 1205 daAuts
     D:2: 99 daAuts
